Map: Tokamak LE

Players

MaxPax - Winner!

  • Race: Protoss Protoss
  • Spawn Location: 7:00

ByuN

  • Race: Terran Terran
  • League: Diamond
  • Spawn Location: 1:00

VOD

Have the link to the VOD?

Description

Time

  • Played on: June 17, 2025, 9:28 p.m.
  • Length: 8:33
Show
View Real Time Build Order
Export as new Build Order

MaxPax Protoss - Winner!

Build Orders: 1 Gate Expand, Blink Stalkers 

Get SALT Encoding   

  12  0:00  Probe  
  13  0:12  Probe  
  14  0:17  Pylon  
  14  0:23  Probe  
  15  0:31  Probe  
  16  0:36  Gateway  
  16  0:39  Probe  
  16  0:45  Assimilator  
  17  0:51  Probe  
  18  1:03  Probe  
  19  1:15  Probe  
  20  1:23  Cybernetics Core  
  20  1:31  Nexus  
  20  1:32  Probe  
  21  1:39  Pylon  
  21  1:44  Probe  
  22  1:47  Assimilator  
  22  1:49  Adept  
  22  1:56  Probe  
  22  1:59  Warp Gate  
  25  2:08  Probe  
  26  2:09  Adept  
  26  2:20  Probe  
  29  2:26  Twilight Council  
  29  2:32  Probe  
  29  2:35  Blink  
  30  2:39  Stalker  
  30  2:43  Probe  
  33  2:44  Probe  
  34  2:55  Probe  
  34  2:56  Gateway, Probe  
  36  3:07  Probe  
  36  3:09  Probe  
  38  3:19  Probe  
  39  3:21  Probe  
  39  3:23  Robotics Facility  
  40  3:28  Gateway  
  40  3:31  Probe  
  40  3:33  Probe  
  41  3:43  Probe  
  41  3:45  Probe  
  42  3:55  Probe  
  42  3:56  Pylon  
  42  3:59  Stalker x2  
  44  4:04  Probe  
  44  4:07  Probe  
  46  4:14  Observer  
  46  4:15  Nexus  
  46  4:16  Probe  
  48  4:19  Pylon, Probe, Assimilator  
  48  4:24  Stalker  
  51  4:26  Pylon  
  51  4:28  Probe  
  52  4:32  Probe  
  52  4:33  Observer  
  54  4:40  Stalker x2  
  54  4:44  Probe, Forge  
  59  4:45  Probe  
  59  4:47  Charge  
  59  4:50  Stalker  
  62  4:53  Protoss Ground Weapons Level 1  
  62  4:56  Pylon, Probe  
  63  5:01  Probe  
  64  5:08  Probe  
  64  5:13  Probe  
  66  5:20  Observer  
  66  5:21  Probe  
  66  5:24  Shield Battery  
  66  5:27  Gateway, Probe  
  68  5:28  Probe  
  68  5:29  Gateway  
  68  5:32  Sentry  
  68  5:33  Probe  
  68  5:35  Gateway  
  72  5:39  Probe  
  73  5:44  Gateway, Probe  
  74  5:50  Gateway, Warp Prism  
  74  5:52  Probe x2  
  80  5:59  Probe  
  80  6:02  Pylon  
  79  6:06  Probe  
  79  6:07  Assimilator  
  79  6:09  Photon Cannon  
  80  6:14  Pylon  
  80  6:16  Zealot, Robotics Bay  
  80  6:17  Zealot  
  80  6:18  Zealot  
  86  6:19  Pylon  
  86  6:22  Observer  
  86  6:26  Immortal  
  86  6:32  Zealot x3  
  96  6:42  Pylon  
  96  6:45  Probe  
  97  6:48  Zealot x5  
  97  6:53  Colossus  
  106  6:58  Zealot x2, Sentry  
  106  7:00  Pylon  
  118  7:17  Zealot x3  
  118  7:21  Stalker x3  
  123  7:31  Zealot x2  
  123  7:36  Colossus  
  127  7:43  Probe  
  127  7:44  Probe  
  125  7:45  Probe  
  132  7:52  Nexus  
  132  7:55  Pylon, Probe  
  125  8:01  Zealot x5  
  107  8:17  Stalker x3  
  109  8:23  Stalker x4, Sentry  
Show
View Real Time Build Order
Export as new Build Order

ByuN Terran 

Build Orders: Reaper Expand, Banshee Rush 

Get SALT Encoding   

  12  0:00  SCV  
  13  0:12  SCV  
  14  0:17  Supply Depot  
  14  0:24  SCV  
  15  0:39  SCV  
  15  0:40  Barracks  
  16  0:43  Refinery  
  16  0:51  SCV  
  17  1:03  SCV  
  18  1:15  SCV  
  19  1:26  Reaper  
  19  1:27  Orbital Command  
  20  1:43  Command Center  
  20  1:47  Supply Depot  
  20  1:54  SCV  
  21  1:58  Marine  
  22  2:05  Factory  
  22  2:07  SCV  
  23  2:14  Bunker  
  23  2:18  Marine  
  23  2:19  SCV  
  25  2:22  Refinery  
  25  2:31  SCV  
  26  2:42  Barracks Reactor  
  26  2:44  SCV  
  27  2:49  Hellion  
  29  2:53  Starport  
  29  2:56  SCV  
  29  2:57  Orbital Command  
  30  3:08  SCV  
  31  3:18  Marine x2  
  32  3:20  SCV, Factory Tech Lab  
  32  3:23  SCV  
  34  3:32  SCV  
  35  3:35  SCV  
  35  3:36  Marine x2  
  38  3:46  SCV  
  38  3:47  SCV  
  39  3:49  Factory Tech Lab  
  39  3:54  Marine x2  
  40  3:58  SCV  
  40  3:59  Banshee, SCV, Cloaking Field  
  40  4:02  Barracks  
  43  4:05  Refinery  
  43  4:07  Supply Depot  
  43  4:11  SCV  
  43  4:12  SCV  
  43  4:14  Marine  
  46  4:20  Engineering Bay  
  46  4:28  SCV x2, Siege Tank  
  46  4:31  Supply Depot, Barracks  
  51  4:37  Marine x2  
  53  4:40  SCV  
  54  4:52  Banshee, Supply Depot, SCV  
  58  4:53  SCV  
  58  4:54  Terran Infantry Weapons Level 1  
  58  4:55  Marine  
  58  4:56  Marine  
  58  4:58  Marine  
  62  5:04  SCV  
  62  5:05  SCV  
  59  5:15  Marine x2  
  59  5:17  SCV x2  
  59  5:20  Marine  
  64  5:21  Siege Tank  
  64  5:25  Marine  
  68  5:31  Barracks  
  68  5:34  Barracks  
  68  5:40  Supply Depot  
  68  5:41  Starport Reactor, SCV x2  
  70  5:43  Stimpack  
  70  5:47  Marine  
  70  5:48  Marine x2  
  73  5:53  SCV  
  73  5:55  Supply Depot  
  74  6:01  Factory Reactor  
  74  6:03  Marauder  
  76  6:06  Marauder  
  76  6:08  Marine x2  
  76  6:09  Combat Shield  
  80  6:14  SCV x2  
  82  6:20  Supply Depot, Marine  
  82  6:21  Marine  
  86  6:27  Medivac x2  
  86  6:31  Marauder  
  90  6:34  Marauder  
  90  6:35  Marine  
  90  6:36  Marine  
  94  6:41  Marine x2  
  94  6:43  Supply Depot  
  94  6:46  Supply Depot  
  96  6:56  Refinery  
  96  7:00  Medivac  
  98  7:02  Medivac  
  98  7:03  Marine x2  
  98  7:05  Marine x2  
  98  7:06  Marauder  
  106  7:13  Marauder  
  106  7:14  Widow Mine x2  
  108  7:23  SCV  
  107  7:33  Marauder, Marine  
  107  7:34  Marauder, Marine x2  
  111  7:40  SCV  
  111  7:42  Marine  
  110  7:47  Medivac  
  110  7:50  Marine  
  110  7:54  Marauder  
  110  7:55  Marauder  
  110  8:03  Marine x2  
  86  8:23  Barracks Tech Lab  
  86  8:24  Barracks Tech Lab  
Tags
 
Add a new tag
Caveats
  • Supply blocks, unpowered buildings, or Contaminate may cause inaccurate times.
  • Supply counts are checked every 10 seconds.